 Dungeon Crawl Stone Soup version 0.29-a0-221-gceb61267dd (webtiles) character file.

Game seed: 6549878887262999827

12485 Hasart the Quickloader (level 11, -2/92 HPs)
             Began as a Demigod Hunter on Feb 26, 2022.
             Slain by a fire elemental (7 damage)
             ... led by Azrael
             ... on level 1 of the Orcish Mines.
             The game lasted 00:28:14 (10429 turns).

Hasart the Quickloader (Demigod Hunter)            Turns: 10429, Time: 00:28:14

Health: -2/92      AC: 17    Str: 18    XL:     11   Next: 37%
Magic:  14/14      EV: 12    Int: 13    God:
Gold:   266        SH:  0    Dex: 26    Spells: 10/10 levels left

rFire   . . .      SeeInvis .   J - +1 arbalest
rCold   . . .      Faith    .   (shield currently unavailable)
rNeg    + . .      Spirit   .   i - +3 chain mail of Gravitas {Regen+ Str+5}
rPois   +          Reflect  .   c - +0 helmet
rElec   .          Harm     .   k - +0 cloak
rCorr   .          Rampage  .   (no gloves)
Will    +....                   v - +1 pair of boots
Stlth   +.........              (no amulet)
HPRegen 1.05/turn               F - ring of positive energy
MPRegen 0.14/turn               I - ring of poison resistance

@: no status effects
A: high MP 1, forlorn, divine attributes
a: no special abilities


You were on level 1 of the Orcish Mines.
You visited 2 branches of the dungeon, and saw 13 of its levels.
You also visited: Sewer.

You collected 610 gold pieces.
You spent 344 gold pieces at shops.

Inventory:

Hand Weapons
 a - a +2 hand crossbow
 J - a +1 arbalest (weapon)
Armour
 c - a +0 helmet (worn)
 i - the +3 chain mail of Gravitas (worn) {Regen+ Str+5}
   (You took it off a goblin on level 3 of the Dungeon)

   Str:       It affects your strength (+5).
   Regen:     It increases your rate of health regeneration.
 k - a +0 cloak (worn)
 v - a +1 pair of boots (worn)
Jewellery
 z - a ring of wizardry
 A - a ring of fire
 C - a +6 ring of strength
 F - a ring of positive energy (left hand)
 I - a ring of poison resistance (right hand)
Wands
 f - a wand of mindburst (12)
 p - a wand of acid (5)
 t - a wand of iceblast (10)
 w - a wand of polymorph (5)
 H - a wand of paralysis (5)
Scrolls
 e - 9 scrolls of identify
 g - 2 scrolls of magic mapping
 h - 3 scrolls of teleportation
 x - 3 scrolls of enchant weapon
 y - 2 scrolls of fear
Potions
 b - 3 potions of brilliance {unknown}
 d - 2 potions of heal wounds
 j - 2 potions of flight
 l - 3 potions of mutation {unknown}
 m - 4 potions of invisibility
 n - a potion of cancellation {unknown}
 o - 2 potions of magic {unknown}
 q - 3 potions of might {unknown}
 r - 3 potions of lignification {unknown}
 s - a potion of berserk rage {unknown}
 u - a potion of attraction {unknown}
 B - a potion of ambrosia {unknown}
 D - a potion of haste {unknown}
 E - a potion of curing


   Skills:
 + Level 7.2 Fighting
 * Level 10.7 Crossbows
 - Level 5.0 Armour
 + Level 7.3 Dodging
 + Level 7.5 Stealth
 + Level 4.9 Evocations


You had 10 spell levels left.
You didn't know any spells.
Your spell library contained the following spells:

 Spells                   Type           Power      Damage    Failure   Level
 Animate Skeleton         Necr           0%         N/A       98%         1
 Pain                     Necr           0%         1d4       98%         1
 Corpse Rot               Necr/Air       0%         N/A       99%         2
 Static Discharge         Conj/Air       0%         N/A       99%         2
 Vampiric Draining        Necr           0%         2d6       100%        3
 Dispel Undead            Necr           0%         3d6       100%        4
 Sticky Flame             Conj/Fire      0%         2d3       100%        4
 Death Channel            Necr           0%         N/A       100%        6


Dungeon Overview and Level Annotations

Branches:
Dungeon (11/15)            Temple (0/1) D:5            Lair (0/6) D:9
    Orc (2/2) D:10          Sewer (visited)
    Elf: Orc:2

Shops:
D:1 (   D:2 *   D:10 *   Orc:1 (

Annotations:
D:7 2 transporters, exclusion: 2 ice statues, BigAl's ghost, novice MiBe
D:8 Amaemon
D:9 1 runed translucent door, soldano's ghost, novice DrBe


Innate Abilities, Weirdness & Mutations

You have an increased reservoir of magic. (+10% MP)
You shall have no god before yourself.
Your divine heritage dramatically boosts your attributes as you level up.


Message History

The orc warrior closely misses your orc warrior.
Your orc completely misses the fire elemental.
The fire elemental misses you.
The fire elemental barely misses your orc warrior.
The centaur hits your orc but does no damage.
The centaur kicks your orc.
Your orc barely misses the centaur.
Your orc warrior barely misses the orc warrior.
Your orc warrior misses the fire elemental.
Your orc warrior barely misses the fire elemental.
Your orc warrior barely misses the centaur.
Your orc barely misses the fire elemental.
The orc warrior hits your orc with a +0 war axe.
Your orc dies!
Your orc's corpse dissolves into shadows!
The orc warrior hits your orc warrior with a +0 war axe.
The centaur shouts!
Shoot: J) +1 arbalest
Press: ? - help, Q - select action, (/) - cycle Shift-Dir - straight line, f/p - fire elemental
Aim: a fire elemental (almost destroyed, 66% to hit)
You shoot a bolt.
The bolt closely misses the fire elemental.
The fire elemental hits you. The fire elemental burns you!
* * * LOW HITPOINT WARNING * * *
The fire elemental hits your orc warrior.
The fire elemental burns your orc warrior!
The centaur wields a +0 shortbow.
The centaur shoots an arrow.
The arrow hits you.
* * * LOW HITPOINT WARNING * * *
The fire elemental hits you. The fire elemental burns you!
* * * LOW HITPOINT WARNING * * *
The fire elemental hits your orc warrior.
The fire elemental burns your orc warrior!
Your orc warrior dies!
Your orc warrior's corpse dissolves into shadows!
The centaur unwields a +0 shortbow.
The centaur hits your orc. The centaur kicks your orc.
Your orc dies!
Your orc's corpse dissolves into shadows!
The fire elemental hits you. The fire elemental burns you!
You die...

##.## #...####
#...##.##
##..#...#
#.......#
##......#
#....#.##
###.....##
##...@....#
##...E....##
###...).o...###
##.##..E.c.....##
#...#...#.......#
##.............##
#...#....#.....##
##.###..........#
#####.........##


You could see 2 fire elementals, an orc warrior and a centaur.

Vanquished Creatures
  3 two-headed ogres
  A deep elf pyromancer (D:8)
  An ugly thing (D:8)
  A gargoyle (D:10)
  Maggie (D:8)
  Psyche (D:9)
  A troll (D:9)
  Prince Ribbit (D:6)
  Sigmund (D:6)
  2 shadows
  2 basilisks (D:9)
  4 wyverns
  12 yaks
  Menkaure (D:6)
  2 steam dragons
  6 water moccasins
  Duvessa (D:4)
  2 ice beasts
  2 black bears
  2 sky beasts (D:6)
  5 orc warriors
  5 necrophages
  4 ogres
  4 centaurs
  4 kobold brigands
  2 bullfrogs
  5 scorpions
  Dowan (D:4)
  8 killer bees
  A howler monkey (D:6)
  2 jellies (D:5)
  11 orc priests
  3 hounds
  8 iguanas
  10 orc wizards
  Robin (D:3)
  5 gnolls
  5 river rats (Sewer)
  7 adders
  A shadow imp (D:8)
  2 white imps
  3 worms
  A dart slug (D:2)
  35 orcs
  6 endoplasms
  3 giant cockroaches (D:4)
  10 goblins
  8 hobgoblins
  2 jackals (D:1)
  7 quokkas
  17 ball pythons
  9 bats (D:1)
  3 frilled lizards
  21 kobolds
  27 rats
293 creatures vanquished.

Vanquished Creatures (collateral kills)
  An orc (Orc:1)
1 creature vanquished.

Vanquished Creatures (others)
  4 fungi (D:9)
  10 plants (D:9)
  2 withered plants (D:9)
16 creatures vanquished.

Grand Total: 310 creatures vanquished

Notes
Turn   | Place    | Note
-------+----------+-------------------------------------------
     0 | D:1      | Hasart the Demigod Hunter began the quest for the Orb.
     0 | D:1      | Reached XP level 1. HP: 17/17 MP: 3/3
    71 | D:1      | Reached skill level 1 in Stealth
   159 | D:1      | Found Ucetiugh's Antique Weapon Shop.
   199 | D:1      | Reached XP level 2. HP: 23/24 MP: 4/4
   500 | D:1      | Reached skill level 4 in Crossbows
   933 | D:2      | Reached XP level 3. HP: 29/29 MP: 5/5
  1006 | D:2      | Found Hufexkul's Assorted Antiques.
  1014 | D:2      | Bought a scroll labelled LUPSYU LOLITIPP for 16 gold pieces
  1014 | D:2      | Bought a scroll labelled REUXKE ATURO for 16 gold pieces
  1014 | D:2      | Bought a scroll labelled MIVVIO ZUSO for 16 gold pieces
  1014 | D:2      | Bought a scroll labelled REUXKE ATURO for 16 gold pieces
  1359 | D:3      | Noticed Robin
  1368 | D:3      | Killed Robin
  1425 | D:3      | Identified the +3 chain mail of Gravitas {Regen+ Str+5}
  1475 | D:3      | Reached XP level 4. HP: 20/37 MP: 6/6
  2221 | D:4      | Found a glowing drain.
  2237 | Sewer    | Entered a sewer
  2281 | Sewer    | Noticed a kobold brigand
  2296 | Sewer    | Killed a kobold brigand
  2297 | Sewer    | Reached skill level 1 in Armour
  2297 | Sewer    | Reached XP level 5. HP: 44/44 MP: 7/7
  2502 | Sewer    | Reached skill level 5 in Crossbows
  2531 | Sewer    | Reached XP level 6. HP: 14/51 MP: 8/8
  2933 | D:4      | Noticed Dowan
  3033 | D:4      | Reached XP level 7. HP: 53/57 MP: 9/9
  3396 | D:4      | Noticed Duvessa
  3414 | D:4      | Killed Duvessa
  3415 | D:4      | Reached skill level 6 in Crossbows
  3422 | D:4      | Killed Dowan
  3525 | D:4      | Noticed a wyvern
  3529 | D:4      | Killed a wyvern
  3720 | D:5      | Entered Level 5 of the Dungeon
  3757 | D:5      | Reached XP level 8. HP: 65/66 MP: 10/10
  3778 | D:5      | Found a staircase to the Ecumenical Temple.
  4100 | D:5      | Reached skill level 7 in Crossbows
  4710 | D:6      | Noticed Prince Ribbit
  4722 | D:6      | Killed Prince Ribbit
  4948 | D:6      | Reached XP level 9. HP: 68/73 MP: 11/11
  4949 | D:6      | Reached skill level 5 in Dodging
  4949 | D:6      | Reached skill level 5 in Stealth
  5015 | D:6      | Reached skill level 5 in Fighting
  5111 | D:6      | Reached skill level 8 in Crossbows
  5111 | D:6      | Reached skill level 1 in Evocations
  5336 | D:6      | Noticed Menkaure
  5343 | D:6      | Killed Menkaure
  5438 | D:6      | Noticed Sigmund
  5443 | D:6      | Killed Sigmund
  5833 | D:7      | Noticed a two-headed ogre
  5836 | D:7      | Found a transporter.
  5843 | D:7      | Noticed BigAl's ghost (novice MiBe)
  5843 | D:7      | Noticed an ice statue
  5864 | D:7      | Noticed an ice statue
  6354 | D:7      | Found a transporter.
  6464 | D:8      | Noticed a deep elf pyromancer
  6474 | D:8      | Killed a deep elf pyromancer
  6475 | D:8      | Reached skill level 5 in Armour
  6551 | D:8      | Reached XP level 10. HP: 83/83 MP: 13/13
  6574 | D:8      | Noticed Maggie
  6587 | D:8      | Noticed Amaemon
  6588 | D:8      | Killed Maggie
  6703 | D:8      | Reached skill level 9 in Crossbows
  6807 | D:8      | Noticed a purple ugly thing
  6823 | D:8      | Killed a purple ugly thing
  7676 | D:9      | Found a staircase to the Lair.
  8076 | D:9      | Noticed Psyche
  8189 | D:9      | Killed Psyche
  8232 | D:9      | Reached skill level 10 in Crossbows
  8307 | D:9      | Found a runed translucent door.
  8310 | D:9      | Noticed soldano's ghost (novice DrBe)
  8556 | D:10     | Entered Level 10 of the Dungeon
  8748 | D:10     | Reached XP level 11. HP: 69/91 MP: 14/14
  8845 | D:10     | Found Patir's Practical Paraphernalia.
  8850 | D:10     | Bought a ring of poison resistance for 280 gold pieces
  8946 | D:10     | Found a staircase to the Orcish Mines.
  9063 | D:10     | Noticed a two-headed ogre
  9071 | D:10     | Killed a two-headed ogre
  9557 | Orc:1    | Entered Level 1 of the Orcish Mines
  9557 | Orc:1    | Noticed a two-headed ogre
  9767 | D:11     | Noticed a two-headed ogre
  9810 | D:11     | Killed a two-headed ogre
 10093 | D:10     | Killed a two-headed ogre
 10234 | Orc:1    | Found Lulismeipnu's Weapon Boutique.
 10327 | Orc:2    | Entered Level 2 of the Orcish Mines
 10429 | Orc:1    | Slain by a fire elemental

Illustrated notes

Levels and vault maps discovered:
D:1:      heliophobic_arrival_enchanted_forest, layout_basic, serial_shops,
          nicolae_shop_crystal, minmay_hexomino_c4
D:2:      layout_rooms, serial_shops, shop
D:3:      layout_rooms, minmay_vboxes, uniq_robin
D:4:      layout_basic, chequers_temple_overflow_statue_of_worship,
          gup_sewer_entry_pipe, grunt_decor_arrowhead, uniq_duvessa
D:5:      layout_cave_pods, worldfamousw_hep_ancestral_shrine,
          minmay_temple_entry_tees
D:6:      layout_gridville, marbit_many_paths, minmay_misc_feat_room,
          glass_columns_b, uniq_prince_ribbit1, uniq_sigmund, uniq_menkaure
D:7:      layout_basic, nzn_ghost_randoct
D:8:      minmay_the_grid_octo_tiled_squarecenter [minmay_the_grid_octo_teeth,
          minmay_the_grid_octo_thin_diamonds, minmay_the_grid_octo_chip,
          minmay_the_grid_octo_vomiting_pacman,
          minmay_the_grid_square_5x5_megaprize_open,
          minmay_the_grid_square_5x5_detours, minmay_the_grid_square_5x5_bridge,
          minmay_the_grid_square_5x5_minibox,
          minmay_the_grid_square_5x5_one_wall], layout_basic,
          minmay_manual_mail, uniq_amaemon, uniq_maggie, uniq_maurice
D:9:      layout_irregular_city, minmay_lair_entry_grove, gammafunk_ghost_grave,
          minmay_misc_feat_more_columns, uniq_psyche
D:10:     layout_roguey, minmay_orc_entry_temple_small, nicolae_alphabet_shops
D:11:     layout_big_octagon, uniq_fannar
Orc:1:    layout_caves, serial_shops, shop
Orc:2:    st_orc_rangers, layout_caves, basic_altar, uniq_azrael

Skill      XL: |  1  2  3  4  5  6  7  8  9 10 11 |
---------------+----------------------------------+-----
Stealth        | 1 2 3 4 6 7 |  7.5
Fighting       | 2 3 4 5 6 7 |  7.2
Dodging        | 2 3 4 5 6 7 |  7.3
Crossbows      | 4 5 6 7 8 10 | 10.7
Armour         | 1 2 3 4 5 |  5.0
Evocations     | 2 4 |  4.9

Action                   |  1- 3 |  4- 6 |  7- 9 | 10-12 || total
-------------------------+-------+-------+-------+-------++-------
Melee: Hand crossbow     |       |       |       |     1 ||     1
       Unarmed           |       |       |       |     1 ||     1
 Fire: Hand crossbow     |   134 |   267 |   427 |   513 ||  1341
       Arbalest          |       |       |       |     3 ||     3
Evoke: Wand              |       |       |     6 |    13 ||    19
  Use: Scroll            |     8 |     3 |     2 |     2 ||    15
       Potion            |       |       |     2 |       ||     2
Armor: Leather armour    |    16 |       |       |       ||    16
       Chain mail        |       |   185 |   225 |   287 ||   697
Dodge: Dodged            |    39 |   119 |   233 |   314 ||   705

Table legend: (Time is in decaauts)
 A = Elapsed time spent in this place.
 B = Non-inter-level travel time spent in this place.
 C = Inter-level travel time spent in this place.
 D = Time resting spent in this place.
 E = Time spent auto-exploring this place.
 F = Levels seen in this place.
 G = Mean time per level.
                   A        B        C        D        E       F      G
               +--------+--------+--------+--------+--------+-----+--------+
         Total |  11084 |  10657 |    427 |    958 |   6297 |  14 |  791.7 |
       Dungeon |  10159 |   9751 |    408 |    866 |   5881 |  11 |  923.5 |
  Orcish Mines |    218 |    200 |     18 |     58 |     75 |   2 |  109.0 |
         Sewer |    706 |    706 |      0 |     34 |    341 |   1 |  706.0 |
               +--------+--------+--------+--------+--------+-----+--------+

Top non-repeatable levels by time:
    D:10: 1526 daAuts
     D:9: 1357 daAuts
     D:4: 1138 daAuts
     D:6: 1124 daAuts
     D:7: 1065 daAuts
     D:5: 953 daAuts
     D:1: 911 daAuts
     D:3: 849 daAuts
   Sewer: 706 daAuts
     D:8: 560 daAuts
     D:2: 470 daAuts
   Orc:1: 203 daAuts
    D:11: 203 daAuts
   Orc:2: 14 daAuts
